AoeStats
← 1k Points Player

Arena

507576381Analyzed
4v4 RM · 15d ago on Sep 18, 2026· 46m 56s· 8 players
Game mode
Random Map
Map size
Large (8 player)
Population
200
Speed
Normal
Resources
Standard
Victory
Conquest
Starting age
Dark Age
Ending age
Imperial Age
RankedLock teamsTeams togetherTeam positionsShared explorationLock speedFull tech treeHidden civsTurbo modeCheats
Victory
Defeat
🇨🇳 Franks · China
885
+13
🇲🇽 Tupi · Mexico
852
+14
🇺🇸 Chinese · United States
851
+14
🇻🇳 Khmer · Vietnam
835
+15
🇵🇱 Byzantines · Poland
831
-14
🇵🇱 Poles · Poland
822
-14
🇳🇴 Khmer · Norway
816
-14
🇵🇱 Franks · Poland
800
-14
IcyParrot4981
0:32 Loom
12:38 Feudal Age
13:59 Stone Mining
16:29 Gold Mining
19:39 Castle Age
17:43 Horse Collar
19:20 Wheelbarrow
18:33 Town Watch
19:57 Double-Bit Axe
21:40 Bow Saw
24:05 Stone Shaft Mining
25:39 Fletching
26:26 Bodkin Arrow
28:54 Hand Cart
29:08 Padded Archer Armor
30:00 Ballistics
29:37 Herbal Medicine
30:08 Heavy Plow
32:21 Gold Shaft Mining
32:50 Leather Archer Armor
32:48 Fortified Wall
32:35 Murder Holes
34:15 Thumb Ring
38:49 Imperial Age
39:55 Conscription
39:55 Bracer
40:25 Ring Archer Armor
40:59 Chemistry
41:44 Elite Chu Ko Nu
46:40 Two-Man Saw
Mono de Guayaba
11:55 Feudal Age
12:59 Feudal Age
18:41 Castle Age
16:37 Double-Bit Axe
16:42 Gold Mining
16:33 Horse Collar
18:44 Wheelbarrow
17:55 Loom
17:56 Town Watch
18:42 Fletching
18:53 Padded Archer Armor
24:36 Bodkin Arrow
27:01 Ballistics
27:00 Leather Archer Armor
30:18 Hand Cart
35:08 Imperial Age
33:53 Murder Holes
36:12 Curare
35:45 Elite Blackwood Archer
37:29 Chemistry
36:44 Bracer
44:20 Ring Archer Armor
46:18 Bow Saw
46:44 Gold Shaft Mining
46:10 Heavy Plow
仰枫
11:06 Feudal Age
15:49 Castle Age
15:36 Double-Bit Axe
18:10 Wheelbarrow
31:16 Imperial Age
29:04 Hand Cart
28:36 Town Watch
28:39 Loom
29:53 Scale Barding Armor
29:50 Husbandry
31:28 Chain Barding Armor
31:19 Forging
31:28 Gold Mining
31:29 Stone Mining
31:52 Bow Saw
33:18 Conscription
33:01 Chivalry
32:25 Cavalier
34:05 Gold Shaft Mining
34:35 Hoardings
34:08 Paladin
36:11 Iron Casting
36:11 Plate Barding Armor
36:04 Masonry
36:03 Siege Engineers
36:20 Ballistics
37:01 Chemistry
37:11 Plate Barding Armor
37:42 Town Patrol
39:53 Blast Furnace
longkaka
5:56 Loom
12:36 Feudal Age
14:09 Wheelbarrow
16:20 Castle Age
22:34 Double-Bit Axe
23:46 Hand Cart
23:48 Gold Mining
24:50 Horse Collar
26:55 Heavy Plow
28:54 Stone Mining
31:07 Bow Saw
35:06 Imperial Age
34:41 Tusk Swords
35:59 Coinage
36:31 Conscription
37:39 Gold Shaft Mining
37:40 Stone Shaft Mining
37:40 Caravan
38:34 Double Crossbow
38:39 Elite Ballista Elephant
40:15 Town Watch
41:13 Crop Rotation
41:40 Hoardings
41:53 Arson
42:58 Town Patrol
44:23 Padded Archer Armor
44:28 Scale Barding Armor
44:04 Sappers
44:54 Fletching
45:20 Leather Archer Armor
45:05 Heated Shot
45:36 Ballistics
ojana
12:13 Feudal Age
12:43 Double-Bit Axe
17:01 Wheelbarrow
23:19 Castle Age
25:13 Hand Cart
25:20 Gold Mining
25:21 Stone Mining
27:45 Scale Barding Armor
27:43 Scale Mail Armor
27:44 Padded Archer Armor
27:55 Forging
27:36 Fletching
29:19 Coinage
30:41 Bow Saw
31:26 Pikeman
32:07 Squires
31:52 Arson
33:43 Gold Shaft Mining
36:53 Caravan
37:19 Chain Barding Armor
37:14 Chain Mail Armor
37:15 Leather Archer Armor
36:55 Bodkin Arrow
37:36 Iron Casting
38:05 #83
43:59 Imperial Age
41:15 Loom
1k Points Player
11:24 Feudal Age
16:05 Castle Age
14:58 Horse Collar
15:13 Double-Bit Axe
23:02 Wheelbarrow
25:38 Bow Saw
28:31 Padded Archer Armor
28:22 Fletching
Kawior
10:24 Feudal Age
11:30 Double-Bit Axe
12:25 Horse Collar
16:03 Castle Age
18:29 Bow Saw
18:54 Loom
19:13 Heavy Plow
21:51 Wheelbarrow
23:22 Scale Barding Armor
24:18 Hand Cart
24:17 Forging
24:07 Stone Mining
24:30 Town Watch
24:38 Fletching
26:02 Stone Shaft Mining
26:21 Bloodlines
26:35 Chain Barding Armor
27:18 Husbandry
27:40 Gold Mining
30:30 Szlachta Privileges
33:06 Iron Casting
32:41 Bodkin Arrow
36:44 Imperial Age
33:44 Elite Skirmisher
34:26 Padded Archer Armor
35:09 Ballistics
34:46 Murder Holes
35:01 Masonry
37:57 Conscription
39:06 Blast Furnace
37:28 Cavalier
38:56 Bracer
39:35 Leather Archer Armor
45:23 Chemistry
**||BigPapa||**
14:29 Feudal Age
14:55 Double-Bit Axe
14:55 Horse Collar
15:10 Gold Mining
15:12 Stone Mining
21:02 Castle Age
22:34 Caravan
23:22 Stone Shaft Mining
23:24 Gold Shaft Mining
22:52 Heavy Plow
24:54 Bow Saw
25:24 Pikeman
28:54 Forging
28:47 Scale Mail Armor
29:00 Masonry
35:27 Imperial Age
33:24 Tusk Swords
34:41 Iron Casting
36:24 Wheelbarrow
36:49 Crop Rotation
36:53 Double Crossbow
37:14 Scale Barding Armor
38:05 Conscription
37:15 Halberdier
38:57 Chain Barding Armor
39:55 Onager
Connection lost

Rejoining the realm…

Still unreachable

The connection could not be restored.

Session expired

The server has moved on; the page needs a fresh start.